 Dungeon Crawl Stone Soup version 0.29-a0-330-g52719c12eb (webtiles) character file.

Game seed: 2799582592048272985

168 rabbitsville the Bolt Thrower (level 5, -20/30 HPs)
             Began as a Gargoyle Hunter on Apr 12, 2022.
             Killed by an exploding ice beast (27 damage)
             ... ignited by their inner flame
             ... on level 3 of the Dungeon.
             The game lasted 00:06:29 (2318 turns).

rabbitsville the Bolt Thrower (Gargoyle Hunter)     Turns: 2318, Time: 00:06:30

Health: -20/30     AC: 15    Str: 14    XL:     5   Next: 48%
Magic:  5/5        EV: 11    Int: 10    God:
Gold:   162        SH:  0    Dex: 15    Spells: 4/4 levels left

rFire   . . .      SeeInvis .   a - +1 hand crossbow
rCold   . . .      Faith    .   (no shield)
rNeg    + . .      Spirit   .   o - +4 ring mail
rPois   ∞          Reflect  .   (no helmet)
rElec   +          Harm     .   p - +0 cloak
rCorr   .          Rampage  .   r - +0 pair of gloves
Will    .....                   (no boots)
Stlth   +.........              w - amulet of the acrobat
HPRegen 0.10/turn               (no ring)
MPRegen 0.09/turn               (no ring)

@: no status effects
A: sickness immunity, AC +4, negative energy resistance 1, electricity
resistance, torment resistance 1, petrification resistance
a: no special abilities


You were on level 3 of the Dungeon.
You visited 1 branch of the dungeon, and saw 3 of its levels.

You collected 162 gold pieces.

Inventory:

Hand Weapons
 a - a +1 hand crossbow (weapon)
 b - a +0 hand axe
Armour
 n - a +0 leather armour
 o - a +4 ring mail (worn)
 p - a +0 cloak (worn)
 r - a +0 pair of gloves (worn)
Jewellery
 w - an amulet of the acrobat (around neck)
Wands
 s - a wand of mindburst (12)
Scrolls
 f - 2 scrolls of amnesia {unknown}
 g - 2 scrolls of teleportation {unknown}
 i - a scroll of noise {unknown}
 j - 2 scrolls of enchant weapon {unknown}
 k - a scroll of acquirement {unknown}
 l - 2 scrolls of blinking {unknown}
 m - 2 scrolls of identify {unknown}
 q - a scroll of fear {unknown}
 u - a scroll of silence {unknown}
Potions
 d - 2 potions of heal wounds {unknown}
 e - 2 potions of berserk rage {unknown}
 h - 2 potions of might {unknown}
 t - 2 potions of curing {unknown}
 v - a potion of degeneration {unknown}
 x - a potion of flight {unknown}
 z - a potion of haste {unknown}


   Skills:
 - Level 2.1 Fighting
 * Level 6.1 Crossbows
 + Level 2.2 Armour
 - Level 1.5 Dodging
 - Level 1.1 Stealth


You had 4 spell levels left.
You didn't know any spells.
Your spell library was empty.

Dungeon Overview and Level Annotations

Branches:
Dungeon (3/15)

Altars:
Makhleb


Innate Abilities, Weirdness & Mutations

You are immune to sickness and miasma.
Your stone body is resilient. (AC +4)
You are immune to poison.
You resist negative energy. (rN+)
You are resistant to electric shocks. (rElec)
You are resistant to unholy torment.
You are immune to petrification.


Message History

The ice beast is lightly wounded.
You shoot a bolt. The bolt hits the ice beast.
The ice beast is moderately wounded.
The ice beast hits you but does no damage.
The ice beast hits you. The ice beast freezes you!
You are too injured to fight recklessly!
You are too injured to fight recklessly!
Really read the scroll of immolation? [Y]es or [N]o only, please.
Really read the scroll of immolation?
As you read the scroll of immolation, it crumbles to dust.
The creatures around you are filled with an inner flame!
The ice beast barely misses you. The ice beast attacks as you move away!
The ice beast barely misses you.
You are too injured to fight recklessly!
Shoot: a) +1 hand crossbow
Press: ? - help, Q - select action, (/) - cycle Shift-Dir - straight line, f/p - ice beast
Aim: an ice beast (moderately wounded, inner flame, 65% to hit)
You shoot a bolt. The bolt barely misses the ice beast.
The bolt hits the endoplasm but does no damage.
The ice beast barely misses you.
Shoot: a) +1 hand crossbow
Press: ? - help, Q - select action, (/) - cycle Shift-Dir - straight line, f/p - ice beast
Aim: an ice beast (moderately wounded, inner flame, 65% to hit)
You shoot a bolt. The bolt closely misses the ice beast.
The bolt hits the endoplasm!
You kill the endoplasm!
The ice beast hits you. The ice beast freezes you!
* * * LOW HITPOINT WARNING * * *
Shoot: a) +1 hand crossbow
Press: ? - help, Q - select action, (/) - cycle Shift-Dir - straight line, f/p - ice beast
Aim: an ice beast (moderately wounded, inner flame, 65% to hit)
You shoot a bolt. The bolt hits the ice beast.
Flame seeps out of the ice beast.
The ice beast is heavily wounded.
The ice beast is engulfed in blazing flames.
The ice beast explodes!
The fiery explosion engulfs you!!
Ouch! That really hurt!
You die...

.+.....# #.# ####
.####### #.##. ... .#
########.##.# ..# .#
#........##.# ..## ##
#.#########.# ...
#.........#.####.#
#########.#....<.#####
#.#..§○........
#.#..@§§.######
#.#.#########.##
#.#............#
#.###########.##
#.#........##.#
#.#.######.##.###
#.#.....##.##...#
#.########.####.#
###.†........# #.#


There were no monsters in sight!

Vanquished Creatures
  An ice beast (D:3)
  A jelly (D:3)
  Ijyb (D:2)
  A gnoll (D:1)
  4 adders
  2 dart slugs
  6 endoplasms
  2 giant cockroaches
  12 goblins
  A hobgoblin (D:1)
  7 jackals
  3 kobolds
  2 quokkas (D:2)
  7 ball pythons
  2 bats (D:1)
  2 frilled lizards (D:1)
  5 rats
59 creatures vanquished.

Notes
Turn   | Place    | Note
-------+----------+-------------------------------------------
     0 | D:1      | rabbitsville the Gargoyle Hunter began the quest for the
                  | Orb.
     0 | D:1      | Reached XP level 1. HP: 12/12 MP: 1/1
   280 | D:1      | Reached XP level 2. HP: 11/17 MP: 2/2
   706 | D:1      | Reached XP level 3. HP: 21/21 MP: 3/3
   707 | D:1      | Reached skill level 5 in Crossbows
  1150 | D:2      | Found a burning altar of Makhleb.
  1241 | D:2      | Noticed Ijyb
  1270 | D:2      | Killed Ijyb
  1271 | D:2      | Reached skill level 1 in Armour
  1271 | D:2      | Reached XP level 4. HP: 19/26 MP: 4/4
  1404 | D:2      | Found a faded altar of an unknown god.
  1920 | D:3      | Reached skill level 6 in Crossbows
  1920 | D:3      | Reached XP level 5. HP: 30/30 MP: 5/5
  2310 | D:3      | Noticed an ice beast
  2318 | D:3      | Killed an ice beast
  2318 | D:3      | Killed by an exploding ice beast... ignited by their inner
                  | flame

Illustrated notes

Levels and vault maps discovered:
D:1:      dpeg_arrival_court, layout_loops_corners, fountainhead
D:2:      kennysheep_the_goblin_king, layout_basic,
          hellmonk_ecumenical_altar_lost_god, basic_altar, minmay_quantized
D:3:      layout_basic, chequers_serial_rivers_micro_a, minmay_surrounded,
          uniq_terence

Skill      XL: |  1  2  3  4 |
---------------+-------------+-----
Crossbows      | 5 6 |  6.1
Armour         | 1 2 |  2.2
Fighting       | |  2.1
Dodging        | |  1.5
Stealth        | |  1.1

Action                   |  1- 3 |  4- 6 || total
-------------------------+-------+-------++-------
 Fire: Hand crossbow     |    90 |    64 ||   154
  Use: Scroll            |       |     1 ||     1
Armor: Leather armour    |    17 |       ||    17
       Ring mail         |     1 |    15 ||    16
Dodge: Dodged            |    28 |    21 ||    49

Table legend: (Time is in decaauts)
 A = Elapsed time spent in this place.
 B = Non-inter-level travel time spent in this place.
 C = Inter-level travel time spent in this place.
 D = Time resting spent in this place.
 E = Time spent auto-exploring this place.
 F = Levels seen in this place.
 G = Mean time per level.
                   A        B        C        D        E       F      G
               +--------+--------+--------+--------+--------+-----+--------+
         Total |   2366 |   2341 |     25 |    128 |   1742 |   3 |  788.7 |
       Dungeon |   2366 |   2341 |     25 |    128 |   1742 |   3 |  788.7 |
               +--------+--------+--------+--------+--------+-----+--------+

Top non-repeatable levels by time:
     D:1: 999 daAuts
     D:2: 866 daAuts
     D:3: 500 daAuts
